 Dungeon Crawl Stone Soup version 0.22-a0-283-g1871b15 (webtiles) character file.

33 grindst0ne the Conjurer (level 3, 0/19 HPs)
             Began as a Kobold Conjurer on Mar 19, 2018.
             Succumbed to an adder's poison
             ... on level 2 of the Dungeon.
             The game lasted 00:02:22 (1097 turns).

grindst0ne the Conjurer (Kobold Conjurer)           Turns: 1097, Time: 00:02:23

Health: 0/19       AC:  2    Str:  5    XL:     3   Next: 47%
Magic:  0/7        EV: 19    Int: 22    God:
Gold:   43         SH:  0    Dex: 15    Spells: 3/7 levels left

rFire    . . .     SeeInvis .   i - +0 dagger (holy)
rCold    . . .     Gourm    .   (shield restricted)
rNeg     . . .     Faith    .   a - +0 robe
rPois    .         Spirit   .   (no helmet)
rElec    .         Reflect  .   (no cloak)
rCorr    .         Harm     .   (no gloves)
MR       .....                  (no boots)
Stlth    ++........             (no amulet)
HPRegen  0.06/turn              e - +3 ring of evasion
MPRegen  0.10/turn              (no ring)

@: brilliant, lethally poisoned (0 -> -4), flying
A: small, carnivore
a: no special abilities


You were on level 2 of the Dungeon.
You were very full.

You visited 1 branch of the dungeon, and saw 2 of its levels.

You collected 43 gold pieces.

Inventory:

Hand Weapons
 i - a +0 dagger of holy wrath (weapon)
Armour
 a - a +0 robe (worn)
Jewellery
 e - a +3 ring of evasion (left hand)
Scrolls
 b - a scroll of remove curse {unknown}
 d - 2 scrolls of magic mapping {unknown}
 h - 2 scrolls of identify {unknown}
 j - a scroll of teleportation {unknown}
Potions
 f - 2 potions of brilliance
Comestibles
 c - a ration


   Skills:
 + Level 3.1 Dodging
 + Level 3.4 Stealth
 + Level 2.6 Spellcasting
 + Level 4.2 Conjurations


You had 3 spell levels left.
You knew the following spells:

 Your Spells              Type           Power        Failure   Level  Hunger
a - Magic Dart            Conj           ####         1%          1    None
b - Dazzling Spray        Conj/Hex       ####..       1%          3    ###....


Dungeon Overview and Level Annotations

Branches:
Dungeon (2/15)

Altars:


Innate Abilities, Weirdness & Mutations

You are small and have problems with some larger weapons.
You are carnivorous and can eat meat at any time.


Message History

* * * LOW HITPOINT WARNING * * *
You are poisoned.
The adder poisons you! The adder closely misses you.
Casting: Magic Dart (safe; 1% risk of failure)
Confirm with . or Enter, or press ? or * to list all spells.
Aiming: Magic Dart (safe; 1% risk of failure)
Press: ? - help, Shift-Dir - straight line, f/p - adder
Aim: an adder (moderately wounded)
The magic dart hits the adder.
The adder is severely wounded.
* * * LOW HITPOINT WARNING * * *
You feel sick. The adder completely misses you.
Okay, then.
The adder bites you.
* * * LOW HITPOINT WARNING * * *
* * * LOW HITPOINT WARNING * * *
You feel sick. The adder closely misses you.
Found a scroll labeled DALAYW KASIRPH.
Found a stone staircase leading up.
You die...

#$# ...#.#.# #.#
####..#<#.# #.#
#.........# #.#
.<#..#.#.# #w#
#...#.#.# #.#
#..#.#.###.#####
#...#...w.....#
#.@.S.....###.#
##..##.##### #.
#....#.#
#.###?#.#.#.#
#...##...#.#
#....<....#
#######.### #.#
#.#


You could see a worm and an adder.

Vanquished Creatures
  4 dart slugs (D:1)
  A leopard gecko (D:1)
  A ball python (D:1)
  3 bats (D:1)
  4 goblins
  2 hobgoblins (D:1)
  3 jackals (D:2)
  A kobold (D:1)
  3 rats (D:1)
22 creatures vanquished.

Vanquished Creatures (others)
  5 toadstools (D:1)
5 creatures vanquished.

Grand Total: 27 creatures vanquished

Notes
Turn   | Place    | Note
-------+----------+-------------------------------------------
     0 | D:1      | grindst0ne the Kobold Conjurer began the quest for the Orb.
     0 | D:1      | Reached XP level 1. HP: 10/10 MP: 3/3
   241 | D:2      | Reached XP level 2. HP: 3/15 MP: 0/5
   756 | D:1      | Reached XP level 3. HP: 19/19 MP: 1/6
   953 | D:1      | Learned a level 3 spell: Dazzling Spray
  1097 | D:2      | Succumbed to an adder's poison

Vault maps used:
D:1:      ldierk_walled_garden
D:2:      tso_altar

Skill      XL: |  1  2  3 |
---------------+----------+-----
Stealth        | 3 |  3.4
Dodging        | 3 |  3.1
Spellcasting   | |  2.6
Conjurations   | |  4.2

Action                   || total
-------------------------++-------
Melee: Dagger            ||    16
 Cast: Magic Dart        ||    56
  Use: Potion            ||     2
  Eat: Chunk             ||     7
Armor: Robe              ||     6
Dodge: Dodged            ||    32

Table legend:
 A = Spawn XP
 B = Non-spawn XP
 C = Spawn XP percentage of total XP
 D = Spawn monster count
 E = Non-spawn monster count
 F = Spawn count percentage of total count
 G = Total turns spent on level
                    A         B        C        D         E        F      G
               +---------+---------+-------+---------+---------+-------+---------
         Total |       0 |      48 |   0.0 |       0 |      22 |   0.0 |  1097
               +---------+---------+-------+---------+---------+-------+---------
           D:1 |       0 |      40 |   0.0 |       0 |      18 |   0.0 |   753
           D:2 |       0 |       8 |   0.0 |       0 |       4 |   0.0 |   344
               +---------+---------+-------+---------+---------+-------+---------
